 Dungeon Crawl Stone Soup version 0.14-a0-2327-g5ff15cf (webtiles) character file.

128 Econoterrorist the Insei (level 4, 0/32 HPs)
             Began as a Demonspawn Transmuter on Jan 29, 2014.
             Slain by an orc wizard
             ... wielding a +0,+0 orcish trident
              (1 damage)
             ... on Level 3 of the Dungeon.
             The game lasted 00:11:04 (2335 turns).

Econoterrorist the Insei (Demonspawn Transmuter)    Turns: 2335, Time: 00:11:04

HP   0/32        AC  7     Str 10      XL: 4   Next:  7%
MP   7/7         EV 11     Int 15      God:
Gold 56          SH  0     Dex 14      Spells:  2 memorised,  3 levels left

rFire  . . .     SeeInvis .       - Unarmed
rCold  . . .     Clarity  .     o - +0 orc leather armour (curse)
rNeg   . . .     Conserve .     (no shield)
rPois  .         rCorr    .     (helmet restricted)
rElec  .         rRot     .     (no cloak)
SustAb + .       Spirit   .     (no gloves)
rMut   .         Warding  .     (no boots)
Saprov . . .     Stasis   .     (no amulet)
MR     .....                    (no ring)
                                l - ring of sustain abilities {unknown}

@: very slightly contaminated, not resistant to hostile enchantments, unstealthy
A: antennae 1, iridescent scales 1
a: no special abilities


You were on level 3 of the Dungeon.
You were not hungry.

You visited 1 branch of the dungeon, and saw 3 of its levels.

You collected 56 gold pieces.

Inventory:

Missiles
 b - 12 arrows
Armour
 o - a cursed +0 orcish leather armour (worn)
Scrolls
 e - a scroll of enchant weapon II {unknown}
 f - a scroll of fog {unknown}
 j - a scroll of immolation {unknown}
 k - a scroll of remove curse {unknown}
 m - a scroll of amnesia {unknown}
 p - 2 scrolls of identify {unknown}
 r - 3 scrolls of random uselessness {unknown}
 s - 2 scrolls of blinking {unknown}
 v - a scroll of teleportation {unknown}
Jewellery
 l - a ring of sustain abilities (left hand) {unknown}
Potions
 g - a potion of might {unknown}
 h - 2 potions of curing
 i - a potion of flight {unknown}
 n - a potion of porridge
Books
 d - a book of Changes

   Spells                             Type                      Level
   *Beastly Appendage                 Transmutation                1
   Sticks to Snakes                   Transmutation                2
   *Spider Form                       Transmutation/Poison         3
   Ice Form                           Ice/Transmutation            4
   Blade Hands                        Transmutation                5


   Skills:
 - Level 1.0 Fighting
 - Level 1.7 Dodging
 + Level 4.5 Unarmed Combat
 - Level 2.0 Spellcasting
 - Level 1.7 Transmutations


You had 3 spell levels left.
You knew the following spells:

 Your Spells              Type           Power        Failure   Level  Hunger
a - Beastly Appendage     Trmt           #.....       12%         1    #......
b - Spider Form           Trmt/Pois      #.........   56%         3    ####...


Dungeon Overview and Level Annotations

Branches:
Dungeon (3/16)

Altars:
Fedhas


Innate Abilities, Weirdness & Mutations

You have a pair of small antennae on your head.*
You are partially covered in iridescent scales (AC +4).*


Message History

You completely miss something. Something hits you but does no damage.
You closely miss something. You closely miss something.
Something barely misses you.
You closely miss something. Something hits you.
You barely miss something. Something hits you.
You hit something but do no damage. Your kick misses something.
Something hits you.
You miss something. You claw something.
You hear some strange, mumbled words.
The magic dart hits you!
You hit something. You miss something. Something hits you but does no damage.
You barely miss something.
Your talons disappear.
Something hits you.
* * * LOW HITPOINT WARNING * * *
You miss something. Something hits you!
* * * LOW HITPOINT WARNING * * *
Something hits you.
You die...

.................#.##........
..###..(......................
......((......................
..###(###.##.....#.##.........
......###.....####.........###
..........)................#
..g.(..##.....#######.######
.......##.....#######.#
.......##.....))@<%...#
.......##.....#######.#
.............# #.# ..........#
#.# ##.....# #.# #...... ..#
.....# ### #####


There were no monsters in sight!

Vanquished Creatures
  2 adders (D:2)
  A giant gecko (D:1)
  5 orcs
  2 ball pythons
  A giant cockroach (D:1)
  7 goblins
  7 hobgoblins
  6 jackals (D:2)
  5 kobolds
  4 bats
  3 giant newts
  A rat (D:1)
44 creatures vanquished.

Notes
Turn   | Place    | Note
--------------------------------------------------------------
     0 | D:1      | Econoterrorist, the Demonspawn Transmuter, began the quest for the Orb.
     0 | D:1      | Reached XP level 1. HP: 15/15 MP: 3/3
    88 | D:1      | Reached skill level 3 in Unarmed Combat
   422 | D:1      | Gained mutation: You are partially covered in iridescent scales (AC +4). [demonic ancestry]
   422 | D:1      | Reached XP level 2. HP: 21/21 MP: 4/4
  1187 | D:2      | Gained mutation: You have a pair of small antennae on your head. [demonic ancestry]
  1187 | D:2      | Reached XP level 3. HP: 26/26 MP: 4/6
  1209 | D:2      | Found a blossoming altar of Fedhas.
  1528 | D:2      | Reached skill level 4 in Unarmed Combat
  1722 | D:2      | Learned a level 3 spell: Spider Form
  2024 | D:3      | Reached XP level 4. HP: 30/32 MP: 3/7
  2334 | D:3      | HP: 1/32 [something (8)]
  2335 | D:3      | Slain by an orc wizard

Action                   |  1- 3 |  4- 6 || total
-------------------------+-------+-------++-------
Melee: Unarmed           |   129 |    26 ||   155
 Cast: Beastly Appendage |    12 |     1 ||    13
  Use: Potion            |     1 |       ||     1
